[ AOE2 MATCH · #507365474 ]
UnrankedCelts vs Sicilians
Player's team · WIN
Rival team · LOSS
[ REPLAY ANALYSIS · EXTRACTED FROM THE RECORDED GAME ]
Feudal
10:44
Castle
29:30
Imperial
—
| APM avg | 44.4 |
| APM peak | 116 |
| eAPM avg | 19.2 |
| Villagers / military | 60 / 22 |
Focus
⚔️ 19.0% · 🌾 81.0%
Militia ×22
Feudal
—
Castle
—
Imperial
—
| APM avg | 30.1 |
| APM peak | 51 |
| eAPM avg | 12.8 |
| Villagers / military | 81 / 0 |
Focus
⚔️ 18.0% · 🌾 82.0%
Match map
Initial resources + every placement click. Lines = walls · curves = elevation contours. ◆ gold · ⬟ stone · ● berries · ✦ relic · ◌ wall gap
Your base· Open — unwalled flank
jesuswan's base· Open — unwalled flank
Smoothed initial terrain · ◌ = detected wall gap · hover for details
Inputs per minute
— Guacamole de Élite - - jesuswan
Build order — Guacamole de Élite
147 actions detected in the replay
| 0:01 | Queue | Villager (Male) |
| 0:01 | Queue | Villager (Male) |
| 0:01 | Queue | Villager (Male) |
| 0:02 | Queue | Villager (Male) |
| 0:03 | Build | House |
| 0:05 | Build | House |
| 1:35 | Queue | Villager (Male) |
| 1:35 | Queue | Villager (Male) |
| 1:35 | Queue | Villager (Male) |
| 1:52 | Build | Lumber Camp |
| 2:04 | Queue | Villager (Male) |
| 2:04 | Queue | Villager (Male) |
| 2:05 | Queue | Villager (Male) |
| 2:16 | Queue | Villager (Male) |
| 2:17 | Queue | Villager (Male) |
| 2:51 | Queue | Villager (Male) |
| 2:52 | Queue | Villager (Male) |
| 2:52 | Queue | Villager (Male) |
| 3:03 | Queue | Villager (Male) |
| 3:03 | Queue | Villager (Male) |
| 3:03 | Queue | Villager (Male) |
| 3:37 | Queue | Villager (Male) |
| 3:37 | Queue | Villager (Male) |
| 3:38 | Queue | Villager (Male) |
| 3:50 | Build | House |
| 3:51 | Build | House |
| 4:08 | Queue | Villager (Male) |
| 4:08 | Queue | Villager (Male) |
| 4:09 | Queue | Villager (Male) |
| 4:21 | Build | House |
| 4:40 | Research | Loom |
| 4:45 | Queue | Villager (Male) |
| 4:45 | Queue | Villager (Male) |
| 4:46 | Queue | Villager (Male) |
| 5:19 | Queue | Villager (Male) |
| 5:19 | Queue | Villager (Male) |
| 5:19 | Queue | Villager (Male) |
| 5:22 | Queue | Villager (Male) |
| 5:23 | Queue | Villager (Male) |
| 5:23 | Queue | Villager (Male) |
| 5:25 | Build | House |
| 5:58 | Build | Palisade Wall |
| 6:17 | Queue | Villager (Male) |
| 6:17 | Queue | Villager (Male) |
| 6:17 | Queue | Villager (Male) |
| 6:17 | Queue | Villager (Male) |
| 6:18 | Queue | Villager (Male) |
| 7:03 | Queue | Villager (Male) |
| 7:03 | Queue | Villager (Male) |
| 7:03 | Queue | Villager (Male) |
| 7:04 | Queue | Villager (Male) |
| 7:04 | Queue | Villager (Male) |
| 7:34 | Build | Mill |
| 7:43 | Build | Mining Camp |
| 7:55 | Build | Barracks |
| 8:02 | Queue | Villager (Male) |
| 8:34 | Research | Feudal Age |
| 8:51 | Build | Palisade Wall |
| 8:53 | Build | Palisade Wall |
| 8:55 | Build | Palisade Wall |
| 8:55 | Queue | Militia |
| 8:56 | Queue | Militia |
| 9:53 | Queue | Militia |
| 9:54 | Queue | Militia |
| 9:57 | Queue | Militia |
| 9:57 | Queue | Militia |
| 9:57 | Queue | Militia |
| 10:29 | Queue | Militia |
| 10:44 | Age | Feudal Age |
| 10:55 | Queue | Villager (Male) |
| 11:02 | Build | Lumber Camp |
| 11:07 | Research | Man-at-Arms (upgrade) |
| 11:19 | Queue | Villager (Male) |
| 11:22 | Build | Stone Wall |
| 11:29 | Build | Stone Wall |
| 11:30 | Build | Stone Wall |
| 13:10 | Queue | Militia |
| 13:12 | Queue | Militia |
| 13:58 | Build | Market |
| 14:48 | Queue | Militia |
| 14:50 | Queue | Militia |
| 15:21 | Queue | Militia |
| 16:42 | Queue | Militia |
| 16:42 | Queue | Militia |
| 17:44 | Build | Town Center |
| 18:00 | Build | Stone Wall |
| 18:10 | Queue | Militia |
| 18:41 | Queue | Villager (Male) |
| 18:41 | Queue | Villager (Male) |
| 18:42 | Queue | Villager (Male) |
| 19:28 | Build | Farm |
| 19:58 | Build | Palisade Wall |
| 20:08 | Build | Farm |
| 20:37 | Build | Farm |
| 20:42 | Build | Farm |
| 20:46 | Build | Farm |
| 20:59 | Build | Farm |
| 21:14 | Build | Farm |
| 21:18 | Build | Farm |
| 21:18 | Queue | Villager (Male) |
| 21:19 | Queue | Villager (Male) |
| 21:40 | Build | Farm |
| 21:55 | Queue | Villager (Male) |
| 22:05 | Research | Double-Bit Axe |
| 22:23 | Build | Stone Wall |
| 22:27 | Queue | Villager (Male) |
| 22:35 | Research | Horse Collar |
| 22:36 | Research | Horse Collar |
| 22:36 | Research | Horse Collar |
| 22:51 | Queue | Villager (Male) |
| 22:51 | Queue | Villager (Male) |
| 23:13 | Queue | Villager (Male) |
| 23:28 | Build | House |
| 23:30 | Build | House |
| 23:31 | Build | House |
| 23:38 | Queue | Villager (Male) |
| 24:19 | Queue | Villager (Male) |
| 24:44 | Queue | Villager (Male) |
| 25:03 | Build | Farm |
| 25:13 | Queue | Villager (Male) |
| 25:49 | Build | House |
| 25:50 | Build | House |
| 26:02 | Build | Blacksmith |
| 26:26 | Build | House |
| 26:50 | Research | Castle Age |
| 26:50 | Research | Castle Age |
| 27:02 | Queue | Militia |
| 27:02 | Queue | Militia |
| 27:23 | Queue | Militia |
| 27:35 | Build | House |
| 27:37 | Build | House |
| 28:04 | Build | House |
| 28:09 | Build | House |
| 28:23 | Build | House |
| 28:32 | Research | Fletching |
| 28:44 | Build | Palisade Wall |
| 29:00 | Queue | Militia |
| 29:00 | Queue | Militia |
| 29:00 | Queue | Militia |
| 29:13 | Build | House |
| 29:21 | Build | House |
| 29:30 | Age | Castle Age |
| 29:38 | Build | Siege Workshop |
| 29:44 | Build | House |
| 29:49 | Build | Stone Wall |
| 30:04 | Build | House |
| 30:16 | Build | House |
Build order — jesuswan
111 actions detected in the replay
| 0:00 | Queue | Villager (Male) |
| 0:01 | Queue | Villager (Male) |
| 0:01 | Queue | Villager (Male) |
| 0:02 | Build | House |
| 0:03 | Build | House |
| 0:32 | Queue | Villager (Male) |
| 0:32 | Queue | Villager (Male) |
| 1:30 | Queue | Villager (Male) |
| 1:31 | Queue | Villager (Male) |
| 1:55 | Build | Lumber Camp |
| 2:00 | Queue | Villager (Male) |
| 2:00 | Queue | Villager (Male) |
| 2:47 | Queue | Villager (Male) |
| 2:47 | Queue | Villager (Male) |
| 2:47 | Queue | Villager (Male) |
| 3:31 | Queue | Villager (Male) |
| 3:32 | Queue | Villager (Male) |
| 4:01 | Build | House |
| 4:05 | Build | House |
| 4:14 | Queue | Villager (Male) |
| 4:37 | Queue | Villager (Male) |
| 4:37 | Queue | Villager (Male) |
| 4:52 | Queue | Villager (Male) |
| 4:52 | Queue | Villager (Male) |
| 5:35 | Queue | Villager (Male) |
| 5:36 | Queue | Villager (Male) |
| 5:36 | Queue | Villager (Male) |
| 5:36 | Queue | Villager (Male) |
| 6:09 | Queue | Villager (Male) |
| 6:10 | Queue | Villager (Male) |
| 6:10 | Queue | Villager (Male) |
| 7:18 | Queue | Villager (Male) |
| 7:19 | Queue | Villager (Male) |
| 8:43 | Build | Town Center |
| 9:19 | Queue | Villager (Male) |
| 9:20 | Queue | Villager (Male) |
| 9:20 | Queue | Villager (Male) |
| 9:20 | Queue | Villager (Male) |
| 9:21 | Queue | Villager (Male) |
| 9:35 | Build | Mining Camp |
| 9:42 | Build | Mill |
| 9:53 | Build | House |
| 10:03 | Queue | Villager (Male) |
| 10:53 | Research | Loom |
| 10:59 | Queue | Villager (Male) |
| 10:59 | Queue | Villager (Male) |
| 11:00 | Queue | Villager (Male) |
| 11:10 | Queue | Villager (Male) |
| 12:15 | Queue | Villager (Male) |
| 12:15 | Queue | Villager (Male) |
| 12:15 | Queue | Villager (Male) |
| 13:06 | Queue | Villager (Male) |
| 13:06 | Queue | Villager (Male) |
| 13:50 | Queue | Villager (Male) |
| 13:50 | Queue | Villager (Male) |
| 13:54 | Build | Farm |
| 14:08 | Queue | Villager (Male) |
| 14:08 | Queue | Villager (Male) |
| 14:51 | Queue | Villager (Male) |
| 14:52 | Queue | Villager (Male) |
| 14:58 | Build | Farm |
| 14:58 | Build | Farm |
| 14:58 | Build | Farm |
| 14:58 | Build | Farm |
| 16:17 | Queue | Villager (Male) |
| 16:17 | Queue | Villager (Male) |
| 16:19 | Build | Farm |
| 16:19 | Build | Farm |
| 16:19 | Build | Farm |
| 16:19 | Build | Farm |
| 17:04 | Queue | Villager (Male) |
| 17:04 | Queue | Villager (Male) |
| 17:14 | Queue | Villager (Male) |
| 17:14 | Queue | Villager (Male) |
| 17:23 | Build | Donjon |
| 18:20 | Queue | Villager (Male) |
| 18:21 | Queue | Villager (Male) |
| 18:53 | Queue | Villager (Male) |
| 18:54 | Queue | Villager (Male) |
| 19:22 | Queue | Villager (Male) |
| 19:23 | Queue | Villager (Male) |
| 19:49 | Queue | Villager (Male) |
| 20:20 | Queue | Villager (Male) |
| 20:21 | Queue | Villager (Male) |
| 20:43 | Queue | Villager (Male) |
| 20:44 | Queue | Villager (Male) |
| 20:56 | Queue | Villager (Male) |
| 21:24 | Build | House |
| 21:27 | Queue | Villager (Male) |
| 21:27 | Queue | Villager (Male) |
| 21:55 | Build | House |
| 21:57 | Build | House |
| 22:00 | Queue | Villager (Male) |
| 22:00 | Queue | Villager (Male) |
| 22:00 | Queue | Villager (Male) |
| 22:35 | Queue | Villager (Male) |
| 22:48 | Queue | Villager (Male) |
| 23:18 | Build | House |
| 23:34 | Queue | Villager (Male) |
| 23:34 | Queue | Villager (Male) |
| 24:05 | Queue | Villager (Male) |
| 24:05 | Queue | Villager (Male) |
| 24:40 | Build | Lumber Camp |
| 24:54 | Build | House |
| 25:11 | Build | Farm |
| 25:14 | Queue | Villager (Male) |
| 25:14 | Queue | Villager (Male) |
| 25:18 | Build | House |
| 25:20 | Build | House |
| 26:16 | Build | House |
| 27:13 | Queue | Villager (Male) |
Match timeline
| 5:58 | Guacamole de Élite · wall_segment Palisade Wall x4 |
| 7:55 | Guacamole de Élite · first_building Barracks |
| 8:51 | Guacamole de Élite · wall_segment Palisade Wall x1 |
| 8:53 | Guacamole de Élite · wall_segment Palisade Wall x1 |
| 8:55 | Guacamole de Élite · wall_segment Palisade Wall x1 |
| 10:44 | Guacamole de Élite · age_up feudal |
| 11:22 | Guacamole de Élite · wall_segment Stone Wall x1 |
| 11:29 | Guacamole de Élite · wall_segment Stone Wall x1 |
| 11:30 | Guacamole de Élite · wall_segment Stone Wall x1 |
| 16:57 | Guacamole de Élite · first_market_buy 100 wood |
| 17:23 | jesuswan · first_building Donjon |
| 17:35 | Guacamole de Élite · first_market_sell 100 food |
| 18:00 | Guacamole de Élite · wall_segment Stone Wall x6 |
| 19:58 | Guacamole de Élite · wall_segment Palisade Wall x12 |
| 22:23 | Guacamole de Élite · wall_segment Stone Wall x11 |
| 28:44 | Guacamole de Élite · wall_segment Palisade Wall x1 |
| 29:30 | Guacamole de Élite · age_up castle |
| 29:38 | Guacamole de Élite · first_building Siege Workshop |
| 29:49 | Guacamole de Élite · wall_segment Stone Wall x1 |
| 30:16 | jesuswan · resign |
[ AI ANALYSIS · 1 CREDIT ]
What really happened in this match?
Wolo.gg analyzes every decision: build order, eco, micro, common mistakes by bracket. Personalized analysis on WhatsApp or Discord in 30 seconds.
Civ guide
Celts
Perfil
Jugador #9177303